 Dungeon Crawl Stone Soup version 0.26.1-11-gd32895ea62 (webtiles) character file.

Game seed: 1950757870696188516

802479 UrgTar the Conqueror (level 27, -1/286 HPs)
             Began as a Hill Orc Fighter on July 13, 2021.
             Was the Champion of Elyvilon.
             Slain by a storm dragon (7 damage)
             ... while petrified
             ... on level 5 of the Realm of Zot on July 18, 2021.
             The game lasted 13:01:39 (133492 turns).

UrgTar the Conqueror (Hill Orc Fighter)           Turns: 133492, Time: 13:01:40

Health: -1/286     AC: 55    Str: 43 (44) XL:     27
Magic:  45/45      EV:  2    Int: 12      God:    Elyvilon [******]
Gold:   4635       SH:  0    Dex: 10      Spells: 43/52 levels left

rFire    + + .     SeeInvis +   E - +8 war axe "Okuhuam" {freeze, *Slow rElec rPois rN++}
rCold    + . .     Faith    .   P - +3 tower shield
rNeg     + + +     Spirit   .   i - +8 gold dragon scales
rPois    ∞         Reflect  .   l - +2 helmet
rElec    +         Harm     .   t - +2 cloak of Defiance {Will+ MP+9}
rCorr    .         Rampage  .   y - +2 pair of gloves {Str+3}
Will     +++..     NoTele   +   d - +2 pair of boots {run}
Stlth    ..........             T - amulet of Huimiago {RegenMP *Drain +Fly Str+6}
HPRegen  0.57/turn              D - ring "Cesm" {rF+ SInv Stlth+}
MPRegen  0.54/turn              p - ring of Liberty {rPois rC- Str+3 Int+6}

@: petrified, marked, cannot translocate, flying, heavily contaminated, slowed,
glowing, quick
A: fangs 1, talons 1, molten scales 1, rugged brown scales 2, blurry vision 1,
cold resistance 1, deterioration 1, dopey 1, low mp 1, sense surroundings 1,
screaming 1
}: 3/15 runes: decaying, serpentine, silver
a: Renounce Religion, Lesser Healing, Heal Other, Purification, Greater Healing,
Divine Vigour, Divine Protection


You were on level 5 of the Realm of Zot.
You worshipped Elyvilon.
Elyvilon was exalted by your worship.
You visited 17 branches of the dungeon, and saw 63 of its levels.
You visited 1 bazaar.

You collected 9938 gold pieces.
You spent 5303 gold pieces at shops.

Inventory:

Hand Weapons
 a - a +9 vorpal war axe
 E - the +8 war axe "Okuhuam" (weapon) {freeze, *Slow rElec rPois rN++}
   (You found it on level 3 of the Crypt)

   It has been specially enchanted to freeze those struck by it, causing extra
   injury to most foes and up to half again as much damage against particularly
   susceptible opponents.
   It can also slow down cold-blooded creatures.
   It insulates you from electricity.
   It protects you from poison.
   It greatly protects you from negative energy.
   It may slow you when you take damage.
Missiles
 F - 7 boomerangs of dispersal (quivered)
Armour
 d - a +2 pair of boots of running (worn)
 i - +8 gold dragon scales (worn)
 l - a +2 helmet (worn)
 t - the +2 cloak of Defiance (worn) {Will+ MP+9}
   (You bought it in a shop on level 2 of the Orcish Mines)

   It affects your willpower, your defense against some magical effects.
   It affects your magic capacity (+9).
 y - a +2 pair of gloves of strength (worn)
 P - a +3 tower shield (worn)
 U - the +0 mask of the Dragon {Will+ Slay+3 SInv}
   (You found it on level 5 of the Vaults)

   It affects your accuracy and damage with ranged weapons and melee attacks
   (+3).
   It affects your willpower, your defense against some magical effects.
   It lets you see invisible.
Jewellery
 b - an uncursed amulet of faith
 c - a +6 ring of intelligence
 j - the ring "Ylugh" {rElec Will+ MP+9 Dex-2}
   (You took it off an ironheart preserver on level 5 of the Vaults)

   [ring of magical power]

   It affects your dexterity (-2).
   It insulates you from electricity.
   It affects your willpower, your defense against some magical effects.
   It affects your magic capacity (+9).
 k - a +6 ring of strength
 n - an uncursed amulet of regeneration
 p - the ring of Liberty (right hand) {rPois rC- Str+3 Int+6}
   (You bought it in a shop on level 2 of the Orcish Mines)

   [ring of intelligence]

   It affects your strength (+3).
   It affects your intelligence (+6).
   It makes you vulnerable to cold.
   It protects you from poison.
 q - an uncursed ring of resist corrosion
 w - the ring "Gisk" {*Drain rPois MP+9 Int+5 Slay+3}
   (You found it on level 5 of the Vaults)

   [ring of magical power]

   It affects your intelligence (+5).
   It affects your accuracy and damage with ranged weapons and melee attacks
   (+3).
   It protects you from poison.
   It affects your magic capacity (+9).
   It causes draining when unequipped.
 D - the ring "Cesm" (left hand) {rF+ SInv Stlth+}
   (You found it on level 5 of the Vaults)

   [ring of stealth]

   It protects you from fire.
   It lets you see invisible.
   It makes you more stealthy.
 N - a +6 ring of strength
 R - a +4 ring of protection
 T - the amulet of Huimiago (around neck) {RegenMP *Drain +Fly Str+6}
   (You found it on level 4 of the Snake Pit)

   [amulet of magic regeneration]

   It increases your magic regeneration.
   It affects your strength (+6).
   It lets you fly.
   It causes draining when unequipped.
 Z - an uncursed ring of stealth
Wands
 h - a wand of flame (57)
 u - a wand of acid (15)
 x - a wand of digging (21)
 A - a wand of paralysis (48)
 J - a wand of polymorph (45)
 K - a wand of iceblast (8)
 Q - a wand of enslavement (19)
 Y - a wand of disintegration (27)
Scrolls
 m - 5 scrolls of magic mapping
 o - 2 scrolls of fear
 r - 20 scrolls of teleportation
 z - 19 scrolls of identify
 H - 2 scrolls of enchant weapon
 M - 10 scrolls of remove curse
Potions
 s - 3 potions of berserk rage
 v - a potion of magic
 B - 4 potions of haste
 C - 12 potions of brilliance
 I - 9 potions of curing
 W - a potion of might
 X - a potion of resistance
Miscellaneous
 e - a tin of tremorstones (2/2)
 g - a box of beasts
 L - a phantom mirror
 V - a lightning rod (4/4)


   Skills:
 O Level 27 Fighting
 - Level 0.7(0.8) Short Blades
 - Level 0.5(0.8) Long Blades
 + Level 24.9(25.0) Axes
 - Level 1.9(15.0) Maces & Flails
 - Level 2.7(15.1) Polearms
 - Level 0.3(1.8) Staves
 - Level 0.3(0.6) Slings
 - Level 0.3 Bows
 - Level 0.3 Crossbows
 - Level 0.7(0.8) Throwing
 O Level 27 Armour
 - Level 4.7 Dodging
 - Level 16.7 Stealth
 O Level 27 Shields
 - Level 0.7 Unarmed Combat
 + Level 13.3 Spellcasting
 - Level 0.4 Conjurations
 - Level 0.4 Hexes
 + Level 11.6 Summonings
 - Level 0.4 Necromancy
 - Level 8.8 Translocations
 - Level 0.2 Transmutations
 - Level 0.5 Fire Magic
 - Level 0.3 Ice Magic
 - Level 0.5 Air Magic
 - Level 0.7 Earth Magic
 - Level 0.3 Poison Magic
 + Level 3.6 Invocations
 - Level 5.7 Evocations


You had 43 spell levels left.
You knew the following spells:

 Your Spells              Type           Power        Failure   Level
a - Apportation           Tloc           58%          1%          1
b - Summon Guardian Gole  Hex/Summ       22%          7%          3
c - Summon Small Mammal   Summ           100%         1%          1
d - Summon Ice Beast      Ice/Summ       22%          24%         4

Your spell library contained the following spells:

 Spells                   Type           Power        Failure   Level
 Call Imp                 Summ           35%          1%          2
 Call Canine Familiar     Summ           35%          1%          3
 Gell's Gravitas          Tloc           14%          2%          3
 Lesser Beckoning         Tloc           14%          2%          3
 Passage of Golubria      Tloc           N/A          7%          4
 Portal Projectile        Hex/Tloc       38%          12%         3
 Sandblast                Erth           18%          21%         1
 Animate Skeleton         Necr           18%          22%         1
 Corona                   Hex            10%          22%         1
 Foxfire                  Conj/Fire      36%          22%         1
 Magic Dart               Conj           36%          22%         1
 Pain                     Necr           36%          22%         1
 Shock                    Conj/Air       36%          22%         1
 Summon Lightning Spire   Summ/Air       22%          22%         4
 Beastly Appendage        Tmut           16%          24%         1
 Sting                    Tmut/Pois      32%          24%         1
 Corpse Rot               Necr/Air       N/A          34%         2
 Ensorcelled Hibernation  Hex/Ice        16%          34%         2
 Passwall                 Tmut/Erth      7%           34%         2
 Poisonous Vapours        Pois/Air       18%          34%         2
 Searing Ray              Conj           18%          34%         2
 Slow                     Hex            9%           34%         2
 Sublimation of Blood     Necr           4%           34%         2
 Swiftness                Air            9%           34%         2
 Wereblood                Tmut           8%           36%         2
 Iskenderun's Mystic Bla  Conj/Tloc      19%          38%         4
 Stone Arrow              Conj/Erth      18%          54%         3
 Confusing Touch          Hex            9%           56%         3
 Conjure Flame            Conj/Fire      9%           56%         3
 Dazzling Flash           Conj/Hex       18%          56%         3
 Ignite Poison            Fire/Tmut/Pois 8%           56%         3
 Inner Flame              Hex/Fire       9%           56%         3
 Mephitic Cloud           Conj/Pois/Air  9%           56%         3
 Static Discharge         Conj/Air       9%           56%         3
 Tukima's Dance           Hex            9%           56%         3
 Spider Form              Tmut/Pois      4%           58%         3
 Dispersal                Tloc           14%          73%         6
 Leda's Liquefaction      Hex/Erth       4%           91%         4
 Airstrike                Air            4%           92%         4
 Animate Dead             Necr           4%           92%         4
 Cause Fear               Hex            4%           92%         4
 Dispel Undead            Necr           9%           92%         4
 Fulminant Prism          Conj/Hex       4%           92%         4
 Petrify                  Tmut/Erth      9%           92%         4
 Sticky Flame             Conj/Fire      9%           92%         4
 Ice Form                 Ice/Tmut       8%           94%         4
 Malign Gateway           Summ/Tloc      16%          98%         7
 Bolt of Magma            Conj/Fire/Erth 4%           99%         5
 Borgnjor's Vile Clutch   Necr/Erth      4%           99%         5
 Fireball                 Conj/Fire      4%           99%         5
 Lee's Rapid Deconstruct  Erth           4%           99%         5
 Lightning Bolt           Conj/Air       4%           99%         5
 Alistair's Intoxication  Tmut/Pois      5%           100%        5
 Blade Hands              Tmut           4%           100%        5
 Irradiate                Conj/Tmut      4%           100%        5
 Metabolic Englaciation   Hex/Ice        4%           100%        5
 Yara's Violent Unravell  Hex/Tmut       4%           100%        5
 Death Channel            Necr           4%           100%        6
 Eringya's Noxious Bog    Tmut/Pois      4%           100%        6
 Freezing Cloud           Conj/Ice/Air   4%           100%        6
 Hydra Form               Tmut           4%           100%        6
 Invisibility             Hex            9%           100%        6
 Iron Shot                Conj/Erth      4%           100%        6
 Ozocubu's Refrigeration  Ice            4%           100%        6
 Simulacrum               Ice/Necr       4%           100%        6
 Statue Form              Tmut/Erth      6%           100%        6
 Dragon Form              Tmut           4%           100%        7
 Chain Lightning          Conj/Air       4%           100%        8
 Disjunction              Tloc           14%          100%        8
 Ignition                 Fire           4%           100%        8
 Lehudib's Crystal Spear  Conj/Erth      4%           100%        8
 Absolute Zero            Ice            4%           100%        9
 Fire Storm               Conj/Fire      4%           100%        9
 Shatter                  Erth           4%           100%        9


Dungeon Overview and Level Annotations

Branches:
Dungeon (15/15)            Temple (1/1) D:4            Lair (6/6) D:8
  Swamp (4/4) Lair:2        Snake (4/4) Lair:2        Slime (0/5) Lair:6
    Orc (2/2) D:9             Elf (3/3) Orc:2        Vaults (5/5) D:13
  Crypt (3/3) Vaults:3       Tomb (1/3) Crypt:3      Depths (5/5) D:15
   Hell (visited)             Dis (2/7) Hell            Geh (4/7) Hell
    Coc (1/7) Hell            Tar (1/7) Hell            Zot (5/5) Depths:5

Altars:
Ashenzari
Cheibriados
Dithmenos
Elyvilon
Fedhas
Gozag
Hepliaklqana
Kikubaaqudgha
Makhleb
Nemelex Xobeh
Okawaru
Qazlal
Ru
Sif Muna
Trog
Uskayaw
Vehumet
Wu Jian
Xom
Yredelemnul
Zin
The Shining One
Jiyva

Shops:
D:5 (   Orc:2 =*}[:*=(   Snake:2 ?   Snake:3 :[*[[   Vaults:2 *   Vaults:4 }
Crypt:2 **   Depths:1 ?   Depths:5 (

Portals:
Hell: Depths:1 Depths:2 Depths:3 Depths:4 Depths:5
Abyss: Depths:3 Depths:4 Depths:5
Pandemonium: Depths:1 Depths:2 Depths:3 Depths:4 Depths:5
Ziggurat: Depths:1
Trove: D:13 (give 4 potions of resistance)


Innate Abilities, Weirdness & Mutations

You have very sharp teeth.
You have sharp toenails.
You are partially covered in molten scales. (AC +2)
You are mostly covered in rugged brown scales. (AC +2, +5% HP)
Scrolls take you a little longer to read.
Your flesh is cold resistant. (rC+)
Your body sometimes deteriorates upon taking damage.
You are dopey. (Int -2)
Your magical capacity is low. (-10% MP)
You passively map a small area around you.
You occasionally shout uncontrollably at your foes.


Message History

The white draconian rages.
The storm dragon bites you but does no damage.
The storm dragon barely misses you.
The storm dragon tramples you but does no damage.
The quicksilver dragon bites you.
* * * LOW HITPOINT WARNING * * *
The quicksilver dragon claws you!
* * * LOW HITPOINT WARNING * * *
The black draconian shifter hits you but does no damage.
The yellow draconian shifter hits you but does no damage.
The quicksilver dragon bites you but does no damage.
The quicksilver dragon claws you!
* * * LOW HITPOINT WARNING * * *
The golden dragon bites you but does no damage.
The golden dragon claws you but does no damage.
The golden dragon tramples you but does no damage.
The death cob barely misses you.
The storm dragon bites you but does no damage.
The storm dragon claws you!
You die...

##▓▓▓▓########.########▓▓▓▓######
.##..##..##....#...##..##..##..##
.##..##..###........#..##..##..##
.##..##...###....#.....##..##..##
.##..###...########..[.<#..##..##
.##...###...######...#.....##..##
.###...#............###...###..##
..###.....#....zqD.###...###...##
.........##..##D@####...###...###
≈≈.≈#.#.......dqDD8....###...###.
≈≈.≈≈.#.^.....Ddyd^...###...###..
.........^.^...^...^.###...###...
≈≈.≈≈...^.......^...###...###...#
#≈.≈≈..#####8''#######...###...##
.......#8.^.^.^...8#....###...^.#
#...####...#.#.#.^.#..†###...#...
##...###^...^.^....#..###...###..


You could see 2 electric golems, a shadow dragon (berserk), a golden dragon
(berserk, drained), a storm dragon (berserk, drained), a yellow draconian
(berserk), a red draconian (berserk), a white draconian (berserk), 2 draconians,
a death cob, 2 quicksilver dragons and a moth of wrath.

Vanquished Creatures
  Tiamat (Zot:2)
  5 ancient liches
  5 orbs of fire
  3 juggernauts
  2 royal mummies (Tomb:1)
  The ghost of xzight the Conqueror, a legendary MiBe of Trog (Depths:3)
  Sojobo (Vaults:4)
  6 Killer Klowns (Zot:5)
  The ghost of ABBCCCDDDD the Slayer, a master DrTm of Ru (Zot:5)
  Frederick (Depths:5)
  Margery (Vaults:2)
  Saint Roka (Depths:1)
  A shard shrike (Zot:2)
  Vashnia (Snake:3)
  Geryon (Hell)
  3 curse toes
  3 caustic shrikes (Depths:3)
  Nikola (Swamp:2)
  16 golden dragons
  6 bone dragons
  13 Brimstone Fiends
  2 Tzitzimimeh
  The ghost of Saestuli the Warrior, an adept GrFi of Cheibriados (Crypt:2)
  A hellephant (Zot:2)
  2 doom hounds (Tar:1)
  6 electric golems
  14 tentacled monstrosities
  6 liches
  7 titans
  2 deep elf master archers (Elf:3)
  25 Orb Guardians (Zot:5)
  4 deep elf blademasters (Elf:3)
  A quicksilver dragon (Zot:2)
  2 shard shrike skeletons (Crypt:2)
  An Executioner (Dis:1)
  6 death cobs
  8 shadow dragons
  14 sphinxes
  13 ancient champions
  Agnes (D:14)
  2 thorn hunters
  The ghost of Ricegish the Blocker, an adept GnFi of Okawaru (Swamp:3)
  6 storm dragons
  5 fenstrider witches (Swamp:4)
  11 tengu reavers
  9 draconian monks
  Donald (Crypt:2)
  5 revenants
  18 frost giants
  8 fire giants
  15 vault wardens
  6 draconian knights
  8 nagarajas
  2 orc warlords
  2 ghost moths
  5 iron dragons (Depths:4)
  7 deep elf sorcerers
  A juggernaut zombie (Crypt:3)
  A cacodemon (Dis:1)
  8 draconian scorchers
  A draconian stormcaller (Zot:5)
  2 deep elf elementalists
  Aizul (Snake:3)
  7 ghouls
  12 ironheart preservers
  6 draconian shifters
  3 spriggan defenders
  8 balrugs
  4 draconian annihilators
  3 war gargoyles
  29 reapers
  16 very ugly things
  A juggernaut skeleton (Crypt:1)
  7 deep elf demonologists
  12 vampire knights
  26 stone giants
  18 green draconians
  The ghost of Caath the Blocker, a journeyman DrFi of Okawaru (Lair:5)
  6 deep elf annihilators
  5 black draconians
  A lorocyproca (Depths:3)
  6 entropy weavers
  8 red draconians
  Azrael (Elf:2)
  12 bunyips
  A spark wasp (shapeshifter) (Vaults:1)
  8 yellow draconians
  6 purple draconians
  9 white draconians
  7 spark wasps
  3 eidola
  2 blizzard demons
  2 crystal guardians
  24 ettins
  11 eleionomae
  The ghost of Nubia the Covert, a journeyman GnEn (Lair:4)
  9 deep elf death magi
  17 yaktaur captains
  13 mummy priests
  14 ogre magi
  9 deep elf high priests
  2 quicksilver dragon zombies
  Harold (D:8)
  5 jiangshi
  5 great orbs of eyes
  7 fire dragons
  11 ice dragons
  A monstrous demonspawn (Depths:4)
  3 ghost crabs
  13 naga warriors
  2 quicksilver dragon skeletons (Geh:1)
  7 rakshasas
  31 vault guards
  A catoblepas (D:13)
  11 hydras
  A merfolk avatar (Lair:6)
  2 spriggan air magi (Depths:4)
  6 boulder beetles
  9 centaur warriors
  17 anacondas
  A hell beast (Dis:1)
  7 death knights
  31 two-headed ogres
  An alligator (shapeshifter) (Vaults:5)
  31 dancing weapons
  A two-headed ogre (shapeshifter) (Depths:2)
  6 deep troll earth magi
  9 deep troll shamans
  10 tengu warriors
  A titan zombie (Dis:2)
  15 alligators
  12 death yaks
  5 death scarabs (Tomb:1)
  16 hell hogs
  10 vampire magi
  9 shock serpents
  A shock serpent (shapeshifter) (Vaults:5)
  24 deep elf knights
  9 spriggan berserkers
  18 naga sharpshooters
  18 sun demons
  5 orc high priests
  5 storm dragon zombies
  5 soul eaters
  2 shadow wraiths (Crypt:2)
  6 salamander mystics
  5 iron trolls
  5 titan skeletons
  59 skeletal warriors
  The ghost of Statics the Digger, a novice OpEE of Ashenzari (D:7)
  4 sixfirhies
  26 slime creatures
  45 hell knights
  5 storm dragon skeletons
  6 unseen horrors
  4 goliath frogs
  6 anaconda zombies
  5 wizards
  3 golden dragon zombies
  19 deep trolls
  3 ghost moth zombies
  5 glowing orange brains
  14 flayed ghosts
  8 spriggan druids
  8 sea snakes
  26 deep elf archers
  A glowing orange brain (shapeshifter) (Vaults:5)
  3 anaconda skeletons
  7 naga ritualists
  An obsidian statue (Crypt:2)
  11 ironbrand convokers
  3 shadow dragon zombies
  5 bog bodies
  3 shadow demons (Tar:1)
  26 necromancers
  3 swamp dragons
  13 phantasmal warriors
  4 harpies
  6 fire giant zombies
  A wolf spider zombie (Geh:4)
  52 ugly things
  66 deep elf magi
  An iron dragon zombie (Dis:1)
  12 orc knights
  6 frost giant zombies
  16 mana vipers
  4 lindwurms (Snake:4)
  7 cyclopes
  An oklob plant (Lair:5)
  A sphinx zombie (Crypt:1)
  2 tengu skeletons
  10 orc sorcerers
  2 wolf spiders (Vaults:3)
  15 salamanders
  A salamander (shapeshifter) (Vaults:2)
  4 iron dragon skeletons
  5 manticores
  5 stone giant zombies
  6 shadow dragon skeletons
  A nameless horror (Zot:4)
  6 fire giant skeletons
  7 will-o-the-wisps
  Joseph (D:8)
  3 stone giant skeletons
  2 frost giant skeletons
  A shock serpent zombie (Dis:2)
  10 elephants
  2 dire elephant zombies
  8 guardian serpents
  27 rust devils
  25 moths of wrath
  44 black mambas
  2 torpor snails
  11 vault sentinels
  2 catoblepas zombies
  3 orange demons
  23 naga magi
  8 centaur skeletons
  2 ice statues
  22 hellions
  A molten gargoyle (Depths:1)
  A yaktaur zombie (Depths:1)
  15 cane toads
  A smoke demon (Depths:3)
  2 emperor scorpion zombies
  2 kobold demonologists
  3 catoblepas skeletons
  9 rime drakes
  2 dire elephant skeletons
  5 efreet
  16 freezing wraiths
  9 ice devils
  10 komodo dragons
  12 guardian mummies
  A minotaur skeleton (Crypt:1)
  2 anaconda simulacra
  12 tormentors
  A redback zombie (D:15)
  2 hellwings (Swamp:4)
  A grey draconian skeleton (Crypt:1)
  A harpy zombie (Geh:3)
  34 yaktaurs
  25 red devils
  A queen ant zombie (Crypt:3)
  2 tengu conjurers
  A yaktaur skeleton (Vaults:4)
  A queen bee (D:10)
  5 polar bears
  6 trolls
  A shadow dragon simulacrum (Vaults:4)
  3 meliai (D:14)
  A yellow draconian skeleton (Crypt:1)
  3 jumping spiders
  A hydra zombie (Coc:1)
  A wind drake (Lair:6)
  A meliai (shapeshifter) (D:15)
  12 tyrant leeches
  Grinder (D:3)
  Prince Ribbit (D:8)
  A sphinx simulacrum (Vaults:4)
  21 hornets
  5 ettin zombies
  A raiju (shapeshifter) (Depths:5)
  21 dream sheep
  A meliai zombie (D:13)
  A harpy skeleton (Geh:1)
  5 fire dragon zombies
  20 blink frogs
  5 hydra skeletons
  3 alligator zombies (Hell)
  4 large abominations (Elf:1)
  A dream sheep (shapeshifter) (Depths:2)
  7 fire dragon skeletons
  4 air elementals
  2 stone giant simulacra
  A fire giant simulacrum (Crypt:1)
  2 ice dragon skeletons (Hell)
  2 ice dragon zombies
  18 spriggans
  A black mamba zombie (Geh:2)
  60 flying skulls
  4 redbacks
  22 wraiths
  22 shadows
  4 ettin skeletons
  4 alligator skeletons
  6 ushabtiu (Tomb:1)
  2 fire bats (Geh:3)
  A spriggan skeleton (Depths:1)
  28 fire elementals
  12 wyverns
  2 tarantellas
  5 vampires (Crypt:3)
  2 humans (D:12)
  3 basilisks
  9 water elementals
  A tarantella (shapeshifter) (Vaults:5)
  36 yaks
  A human (shapeshifter) (Depths:1)
  A chaos spawn (Depths:4)
  13 vampire mosquitoes
  2 neqoxecs
  2 steam dragons
  46 nagas
  5 human zombies
  32 water moccasins
  18 swamp worms
  5 wargs
  2 acid dragons (shapeshifter)
  7 acid dragons
  2 cane toad zombies
  A soldier ant (shapeshifter) (Vaults:4)
  2 hydra simulacra (Zot:2)
  A monstrous demonspawn zombie (Crypt:1)
  A water moccasin (shapeshifter) (Depths:3)
  An infernal demonspawn skeleton (Crypt:1)
  66 hell hounds
  54 orc warriors
  An ice beast (shapeshifter) (Vaults:4)
  2 cane toad skeletons
  3 sky beasts
  4 ice beasts
  5 black bears
  15 necrophages
  4 swamp drakes
  A human skeleton (Depths:1)
  A hornet zombie (D:13)
  27 ogres
  A snapping turtle zombie (Geh:4)
  A swamp dragon zombie (Coc:1)
  12 phantoms
  A hog zombie (Crypt:3)
  6 wolves (Lair:3)
  17 boggarts
  5 snapping turtle skeletons
  An ogre (shapeshifter) (Elf:2)
  12 centaurs
  2 manticore skeletons (Geh:2)
  8 big kobolds
  5 elf zombies
  4 gnoll sergeants
  16 bullfrogs
  A merfolk simulacrum (Crypt:3)
  A cyclops zombie (Crypt:3)
  An earth elemental (Elf:2)
  A wyvern skeleton (D:13)
  A troll zombie (Dis:2)
  5 scorpions
  A spriggan zombie (Tomb:1)
  28 killer bees
  A troll skeleton (Crypt:3)
  101 wights
  4 electric eels
  A howler monkey (D:4)
  A bullfrog zombie (D:11)
  4 centaur zombies
  6 crimson imps
  2 human simulacra (Vaults:2)
  5 jellies
  5 quasits
  2 bullfrog skeletons
  2 hounds
  11 iron imps
  33 orc priests
  25 orc wizards
  A gnoll shaman (D:10)
  6 iguanas
  A demonspawn skeleton (Crypt:2)
  Jessica (D:2)
  7 hell rats (Lair:6)
  5 worker ants
  A tengu zombie (Crypt:3)
  A naga zombie (Crypt:3)
  An ogre zombie (Crypt:2)
  An acid dragon skeleton (Crypt:2)
  A hound zombie (D:11)
  16 mummies
  3 hound skeletons
  A worker ant zombie (D:11)
  Robin (D:2)
  17 gnolls
  21 adders
  2 shadow imps
  8 white imps
  An ooze (D:6)
  4 ufetubi
  3 adder zombies
  A worm (D:5)
  2 dart slugs (D:3)
  5 leopard geckos
  97 orcs
  5 bats
  A bat zombie (Crypt:3)
  5 giant cockroaches
  A gnoll zombie (Crypt:3)
  5 hobgoblins
  2 quokkas
  3 ball pythons
  4 frilled lizards
  16 goblins
  A jackal skeleton (D:8)
  23 kobolds
  3 kobold skeletons
  A quokka skeleton (Crypt:1)
  13 rats
  6 bushes
3317 creatures vanquished.

Vanquished Creatures (collateral kills)
  2 Killer Klowns (Zot:5)
  A moth of wrath (Zot:5)
3 creatures vanquished.

Vanquished Creatures (others)
  A draconian annihilator (Zot:3)
  A vampire knight (Depths:1)
  3 red draconians
  A hell hog (Geh:2)
  2 deep elf knights
  A hell knight (Hell)
  An iron troll (Depths:3)
  A necromancer (Vaults:5)
  A will-o-the-wisp (Swamp:3)
  A rust devil (Hell)
  A hydra zombie (Geh:3)
  A wraith (Dis:1)
  A cane toad zombie (Geh:2)
  A hell hound (Geh:2)
  A swamp drake (Swamp:1)
  A wight (Geh:2)
  A bush (Lair:6)
  57 foxfires
  59 fungi
  97 plants
  5 toadstools (Depths:1)
238 creatures vanquished.

Grand Total: 3558 creatures vanquished

Notes
Turn   | Place    | Note
-------+----------+-------------------------------------------
     0 | D:1      | UrgTar the Hill Orc Fighter began the quest for the Orb.
     0 | D:1      | Reached XP level 1. HP: 19/19 MP: 1/1
   133 | D:1      | Reached XP level 2. HP: 23/27 MP: 2/2
   927 | D:2      | Reached XP level 3. HP: 24/33 MP: 3/3
  1151 | D:2      | Noticed Robin
  1175 | D:2      | Killed Robin
  1372 | D:2      | Reached XP level 4. HP: 41/41 MP: 4/4
  1413 | D:2      | Noticed Jessica
  1432 | D:2      | Killed Jessica
  1657 | D:2      | Found a sparkling altar of Nemelex Xobeh.
  2344 | D:3      | Noticed Grinder
  2356 | D:3      | Killed Grinder
  2357 | D:3      | Reached skill level 5 in Axes
  2357 | D:3      | Reached XP level 5. HP: 26/47 MP: 5/5
  2357 | D:3      | Reached XP level 6. HP: 31/55 MP: 6/6
  2522 | D:3      | Reached skill level 5 in Fighting
  2909 | D:3      | Found a basalt altar of Yredelemnul.
  3157 | D:4      | Got an iridescent short sword
  3161 | D:4      | Identified the +1 short sword of the Depths {vorpal, +Rage
                  | rPois Stlth-} (You found it on level 4 of the Dungeon)
  3218 | D:4      | Reached XP level 7. HP: 33/61 MP: 7/7
  3227 | D:4      | Reached skill level 1 in Dodging
  3590 | D:4      | Reached skill level 5 in Armour
  3634 | D:4      | Found a staircase to the Ecumenical Temple.
  3690 | Temple   | Entered the Ecumenical Temple
  3698 | Temple   | Became a worshipper of Elyvilon the Healer
  4035 | D:4      | Found a shimmering blue altar of Sif Muna.
  4117 | D:4      | Found a glowing silver altar of Zin.
  4117 | D:4      | Noticed an angel
  4244 | D:5      | Entered Level 5 of the Dungeon
  4432 | D:5      | Found Sofel's Antique Weapon Shop.
  5054 | D:6      | Reached skill level 5 in Shields
  5341 | D:6      | Reached XP level 8. HP: 57/69 MP: 8/8
  5727 | D:6      | Reached * piety under Elyvilon
  5828 | D:6      | Reached skill level 1 in Stealth
  6357 | D:6      | Reached XP level 9. HP: 46/78 MP: 9/9
  7600 | D:7      | Reached skill level 10 in Axes
  7751 | D:7      | Reached ** piety under Elyvilon
  7788 | D:7      | Found a runed translucent door.
  7822 | D:7      | Noticed Statics's ghost (novice OpEE)
  8185 | D:7      | Killed Statics's ghost
  8583 | D:7      | Found a burning altar of Makhleb.
  9085 | D:8      | Noticed Prince Ribbit
  9208 | D:8      | Noticed Joseph
  9224 | D:8      | Killed Joseph
  9225 | D:8      | Reached XP level 10. HP: 71/88 MP: 10/10
  9345 | D:8      | Found a staircase to the Lair.
  9345 | D:8      | Noticed an elephant
  9384 | D:8      | Killed an elephant
  9645 | D:8      | Killed Prince Ribbit
  9702 | D:8      | Reached *** piety under Elyvilon
  9743 | D:8      | Noticed Harold
  9759 | D:8      | Killed Harold
 10946 | D:10     | Entered Level 10 of the Dungeon
 10960 | D:9      | Found a bloodstained altar of Trog.
 10965 | D:9      | Found a blossoming altar of Fedhas.
 11320 | D:9      | You fall into a shaft and drop 2 floors!
 11320 | D:11     | Noticed a cyclops
 11374 | D:11     | Killed a cyclops
 11639 | D:11     | You fall into a shaft and drop 1 floor!
 11743 | D:12     | Reached **** piety under Elyvilon
 12057 | D:11     | Noticed a red ugly thing
 12067 | D:11     | Reached XP level 11. HP: 81/95 MP: 11/11
 12078 | D:11     | Killed a red ugly thing
 12521 | D:10     | Found a broken altar of Ashenzari.
 13448 | D:9      | Found a staircase to the Orcish Mines.
 13832 | D:10     | Killed an unseen horror
 14057 | D:10     | Reached ***** piety under Elyvilon
 15077 | D:11     | Reached skill level 10 in Fighting
 15081 | D:11     | Noticed a manticore
 15097 | D:11     | Killed a manticore
 15098 | D:11     | Reached skill level 10 in Armour
 15846 | D:11     | Identified a scroll of acquirement
 15846 | D:11     | Acquired the +8 broad axe of the Muttering Scorpion {venom,
                  | Int+3}
 15904 | D:11     | Learned a level 1 spell: Apportation
 16196 | D:12     | Killed an unseen horror
 16197 | D:12     | Reached XP level 12. HP: 80/106 MP: 12/12
 16407 | D:12     | Reached skill level 15 in Axes
 16537 | D:12     | Found an iron altar of Okawaru.
 16844 | D:12     | Got a transparent war axe
 17169 | D:12     | Noticed a boulder beetle
 17185 | D:12     | Killed a boulder beetle
 17263 | D:12     | Identified the +4 war axe "Giossis" {vorpal, rElec MP+9
                  | Dex+5 Stlth-} (You found it on level 12 of the Dungeon)
 17653 | D:13     | Noticed a catoblepas
 17655 | D:13     | Noticed a vault guard
 17656 | D:13     | Found a gate to the Vaults.
 17657 | D:13     | Noticed a vault guard
 17657 | D:13     | Noticed a vault guard
 17657 | D:13     | Noticed a vault guard
 17657 | D:13     | Noticed a boulder beetle
 17677 | D:13     | Elyvilon protects you from harm!
 18097 | D:13     | Killed a boulder beetle
 18117 | D:13     | Killed a catoblepas
 18118 | D:13     | Reached skill level 10 in Shields
 18128 | D:13     | Killed a vault guard
 18555 | D:13     | Noticed a two-headed ogre
 18570 | D:13     | Killed a two-headed ogre
 18575 | D:13     | Killed a vault guard
 18924 | D:13     | Killed a vault guard
 18960 | D:13     | Reached XP level 13. HP: 86/116 MP: 13/13
 19307 | D:13     | Found a portal to a secret trove of treasure.
 19409 | D:13     | Killed a vault guard
 20836 | D:14     | Reached skill level 1 in Polearms
 22816 | D:14     | Reached XP level 14. HP: 127/127 MP: 14/14
 23203 | D:15     | Entered Level 15 of the Dungeon
 23233 | D:15     | Noticed Agnes
 23280 | D:14     | Killed Agnes
 24288 | D:15     | Found an ornate altar of the Wu Jian Council.
 24885 | Orc:1    | Entered Level 1 of the Orcish Mines
 24885 | Orc:1    | Noticed an orc warlord
 24903 | D:9      | Killed an orc warlord
 25889 | Orc:2    | Entered Level 2 of the Orcish Mines
 25889 | Orc:2    | Found Miprya's Weapon Shoppe.
 25889 | Orc:2    | Found a staircase to the Elven Halls.
 25908 | Orc:2    | Noticed a stone giant
 26327 | Orc:1    | Killed a stone giant
 27674 | Orc:2    | Found Keycvil's Assorted Antiques.
 27679 | Orc:2    | Found Nyag's Antique Armour Emporium.
 27683 | Orc:2    | Found Kyecvaj's Book Emporium.
 27745 | Orc:2    | Found Wiucw's Jewellery Shoppe.
 27836 | Orc:2    | Found Peziatucs's Gadget Boutique.
 27848 | Orc:2    | Reached ****** piety under Elyvilon
 28088 | Orc:2    | Found Oliadila's General Store.
 28090 | Orc:2    | Found Byirotinoi's Jewellery Shop.
 28101 | Orc:2    | Noticed an orc warlord
 28118 | Orc:2    | Killed an orc warlord
 28145 | Orc:2    | Paralysed by an orc sorcerer for 3 turns
 28152 | Orc:2    | Reached XP level 15. HP: 50/136 MP: 15/15
 28569 | Orc:2    | Paralysed by an orc sorcerer for 3 turns
 29033 | Orc:2    | Bought the ring of Liberty {rPois rC- Str+3 Int+6} for 828
                  | gold pieces
 29077 | Orc:2    | Bought a fine cloak for 313 gold pieces
 29087 | Orc:2    | Identified the +2 cloak of Defiance {Will+ MP+9} (You
                  | bought it in a shop on level 2 of the Orcish Mines)
 29106 | Orc:2    | Bought an uncursed amulet of regeneration for 360 gold
                  | pieces
 29362 | Elf:1    | Entered Level 1 of the Elven Halls
 29620 | Elf:1    | Found a radiant altar of Vehumet.
 30092 | Elf:1    | Identified Hiogah's Guide on Dark Arts
 31178 | Elf:2    | Reached skill level 15 in Fighting
 31326 | Elf:2    | Noticed a deep elf sorcerer
 31336 | Elf:2    | Killed a deep elf sorcerer
 31507 | Elf:2    | Noticed a deep elf sorcerer
 31716 | Elf:2    | Killed a deep elf sorcerer
 31881 | Elf:2    | Reached XP level 16. HP: 104/147 MP: 16/16
 32098 | Elf:2    | Found a runed translucent gate.
 32098 | Elf:2    | Found a runed translucent gate.
 32098 | Elf:2    | Found a runed translucent gate.
 33059 | Elf:2    | Noticed Azrael
 33239 | Elf:2    | Killed Azrael
 33730 | Elf:3    | Entered Level 3 of the Elven Halls
 34251 | Elf:3    | Got a smoking chain mail
 34309 | Elf:3    | Found a radiant altar of Vehumet.
 34462 | Elf:3    | Found a gateway to a bazaar.
 34702 | Elf:3    | Reached skill level 15 in Shields
 34712 | Elf:3    | Noticed a deep elf master archer
 34713 | Elf:3    | Noticed a deep elf blademaster
 34716 | Elf:3    | Noticed a deep elf blademaster
 34717 | Elf:3    | Noticed a deep elf master archer
 34729 | Elf:3    | Killed a deep elf blademaster
 34736 | Elf:3    | Killed a deep elf blademaster
 34737 | Elf:3    | Reached skill level 15 in Armour
 35299 | Elf:3    | Reached XP level 17. HP: 161/161 MP: 17/17
 35328 | Elf:3    | HP: 2/161 [deep elf master archer/arrow (13)]
 35332 | Elf:3    | Was placed under penance by Elyvilon
 35338 | Elf:3    | Killed a deep elf master archer
 35641 | Bazaar   | Entered a bazaar
 35645 | Bazaar   | Found Asol's General Store.
 35665 | Bazaar   | Found Suetiannu's Assorted Antiques.
 35676 | Bazaar   | Found Pejerph's Armour Shoppe.
 35707 | Bazaar   | Found Mesia's Weapon Boutique.
 35729 | Bazaar   | Found Cuafa's Distillery.
 35776 | Bazaar   | Acquired 1148 gold pieces
 35830 | Bazaar   | Bought a +0 pair of boots of running for 283 gold pieces
 35855 | Bazaar   | Bought a glowing cloak for 262 gold pieces
 35921 | Bazaar   | Bought a potion of heal wounds for 55 gold pieces
 35998 | Elf:3    | Killed a deep elf master archer
 36489 | Elf:3    | Noticed a deep elf blademaster
 36508 | Elf:3    | Killed a deep elf blademaster
 36681 | Elf:3    | Noticed a deep elf blademaster
 36704 | Elf:3    | Killed a deep elf blademaster
 36854 | Elf:3    | Identified the cursed +1 morningstar "Dragonbane" {freeze,
                  | *Slow Int+4 SInv}
 37087 | Elf:3    | Identified the +4 mace "Icezioh" {venom, +Inv rElec Int-4}
 37098 | Elf:3    | Identified the cursed +1 morningstar "Jaquodakli" {drain,
                  | Fragile rPois Will+++ MP+9}
 37813 | Elf:3    | Got a crystal long sword
 37817 | Elf:3    | Identified the +0 long sword "Camus" {vorpal, *Drain +Rage
                  | Str+5 Dex+4} (You found it on level 3 of the Elven Halls)
 39266 | D:15     | Found a staircase to the Depths.
 40131 | Orc:2    | Bought a scroll of enchant armour for 127 gold pieces
 40131 | Orc:2    | Bought a scroll of enchant armour for 127 gold pieces
 41744 | Lair:1   | Entered Level 1 of the Lair of Beasts
 42663 | Lair:1   | Got a translucent falchion
 42949 | Lair:2   | Found a staircase to the Snake Pit.
 43470 | Lair:2   | Found a staircase to the Swamp.
 43705 | Lair:3   | Identified the +3 falchion "Zestrado" {vamp, +Inv Dex+2}
                  | (You found it on level 1 of the Lair of Beasts)
 43763 | Lair:3   | Was forgiven by Elyvilon
 44073 | Lair:3   | Reached skill level 1 in Maces & Flails
 44073 | Lair:3   | Reached XP level 18. HP: 157/173 MP: 18/18
 45213 | Lair:4   | Found a runed translucent door.
 45252 | Lair:4   | Found a shimmering altar of Xom.
 45252 | Lair:4   | Noticed Nubia's ghost (journeyman GnEn)
 45279 | Lair:4   | Killed Nubia's ghost
 45288 | Lair:4   | Identified Advanced Steps in Witchcraft
 46024 | Lair:5   | Noticed Caath's ghost (journeyman DrFi)
 46053 | Lair:5   | Reached XP level 19. HP: 182/182 MP: 19/19
 46170 | Lair:5   | Found a transporter.
 46173 | Lair:5   | Found a transporter.
 46194 | Lair:5   | You fall into a shaft and drop 1 floor!
 46194 | Lair:6   | Entered Level 6 of the Lair of Beasts
 47003 | Lair:6   | Found a viscous altar of Jiyva.
 47040 | Lair:6   | Found a staircase to the Slime Pits.
 47803 | Lair:5   | Found a burning altar of Makhleb.
 48332 | Lair:5   | Killed Caath's ghost
 48595 | Lair:5   | Acquired 477 gold pieces
 48940 | Lair:2   | snake pit
 49047 | Snake:1  | Entered Level 1 of the Snake Pit
 49466 | Snake:1  | You fall into a shaft and drop 1 floor!
 49810 | Snake:1  | Gained mutation: You are frail. (-10% HP) [mutagenic glow]
 49819 | Snake:1  | Gained mutation: You occasionally shout uncontrollably at
                  | your foes. [mutagenic glow]
 49829 | Snake:1  | Gained mutation: You evolve. [mutagenic glow]
 49842 | Snake:1  | Gained mutation: Your body sometimes deteriorates upon
                  | taking damage. [mutagenic glow]
 49858 | Snake:1  | Gained mutation: Your magical capacity is low. (-10% MP)
                  | [mutagenic glow]
 49936 | Snake:1  | Reached skill level 1 in Spellcasting
 50116 | Snake:1  | Reached skill level 1 in Translocations
 50593 | Snake:2  | Gained mutation: Your mind is acute. (Int +2) [evolution]
 50803 | Snake:2  | Reached XP level 20. HP: 173/173 MP: 20/20
 51079 | Snake:2  | Found Gyappaic's Magic Scroll Emporium.
 51197 | Snake:2  | Bought a scroll of teleportation for 48 gold pieces
 51197 | Snake:2  | Bought a scroll of teleportation for 48 gold pieces
 51197 | Snake:2  | Bought a scroll of summoning for 152 gold pieces
 51942 | Snake:2  | Got a spiked buckler
 52129 | Snake:2  | Identified the +3 buckler "Ruusy" {Dex+4} (You found it on
                  | level 2 of the Snake Pit)
 52839 | Snake:3  | Noticed Vashnia
 52853 | Snake:3  | Noticed Aizul
 52859 | Snake:3  | Killed Vashnia
 52882 | Snake:3  | Killed Aizul
 52978 | Snake:3  | Identified the Disquisition on Venom and Stones
 53299 | Snake:3  | Found Lissue's Assorted Antiques.
 53301 | Snake:3  | Found Exiosm's Armour Shop.
 53301 | Snake:3  | Found Hiuleh's Antique Armour Boutique.
 53305 | Snake:3  | Found Igicas's Antique Armour Shop.
 53342 | Snake:3  | Found Ixuboig's Book Emporium.
 53616 | Snake:3  | Bought a heavily runed plate armour for 924 gold pieces
 53616 | Snake:3  | Identified the +1 plate armour of the Wilderness {rCorr
                  | Str+4} (You bought it in a shop on level 3 of the Snake
                  | Pit)
 53681 | Snake:3  | Bought a scroll of enchant weapon for 270 gold pieces
 53725 | Snake:3  | Bought a pair of runed boots for 240 gold pieces
 54419 | Snake:4  | Entered Level 4 of the Snake Pit
 54436 | Snake:4  | Got a pair of dazzling boots
 54448 | Snake:4  | Identified the cursed +0 pair of boots of Zunokham {rPois
                  | Int+2 Stlth-} (You found it on level 4 of the Snake Pit)
 55232 | Snake:4  | Got a smoking platinum amulet
 55250 | Snake:4  | Identified the amulet of Huimiago {RegenMP *Drain +Fly
                  | Str+6} (You found it on level 4 of the Snake Pit)
 56109 | Snake:4  | Reached XP level 21. HP: 108/181 MP: 22/22
 56352 | Snake:4  | Gained mutation: You passively map a small area around you.
                  | [evolution]
 56751 | Snake:4  | Got a serpentine rune of Zot
 57739 | Swamp:1  | Entered Level 1 of the Swamp
 59292 | Swamp:2  | Reached skill level 1 in Evocations
 59794 | Swamp:2  | Noticed Nikola
 59819 | Swamp:2  | Killed Nikola
 61007 | Swamp:3  | Noticed Ricegish's ghost (adept GnFi)
 61110 | Swamp:3  | Found a runed translucent gate.
 61111 | Swamp:3  | Found a runed translucent gate.
 61117 | Swamp:3  | Found a runed translucent gate.
 61625 | Swamp:3  | Killed Ricegish's ghost
 61780 | Swamp:4  | Entered Level 4 of the Swamp
 61865 | Swamp:4  | Elyvilon protects you from harm!
 61939 | Swamp:3  | Gained mutation: Your flesh is cold resistant. (rC+)
                  | [evolution]
 62305 | Swamp:4  | Reached skill level 1 in Invocations
 62311 | Swamp:4  | Reached XP level 22. HP: 134/191 MP: 23/23
 64219 | Swamp:4  | Got a decaying rune of Zot
 65096 | Orc:2    | Bought a scroll of enchant weapon for 232 gold pieces
 65129 | Orc:2    | Bought a potion of mutation for 136 gold pieces
 65671 | Depths:1 | Entered Level 1 of the Depths
 66606 | Depths:1 | Found Jewn's Magic Scroll Emporium.
 66611 | Depths:1 | Bought a scroll of enchant armour for 112 gold pieces
 66611 | Depths:1 | Bought a scroll of blinking for 112 gold pieces
 66772 | Depths:1 | Found a gateway to Hell.
 66928 | Depths:1 | Found a gateway to a ziggurat.
 66997 | Depths:1 | Found a one-way gate leading to the halls of Pandemonium.
 67538 | Depths:2 | Got an ivory scimitar
 67614 | Depths:2 | Noticed Saint Roka
 68655 | Depths:1 | Killed Saint Roka
 68887 | Depths:1 | HP: 6/195 [deep troll (illusionary) (7)]
 68889 | Depths:1 | Elyvilon protects you from harm!
 68892 | Depths:1 | HP: 2/195 [deep troll (illusionary) (3)]
 70169 | Depths:2 | Reached XP level 23. HP: 188/201 MP: 24/24
 70651 | Depths:2 | Gained mutation: You have sharp toenails. [evolution]
 70800 | Depths:2 | Noticed a juggernaut
 70800 | Depths:2 | Noticed a golden dragon
 70816 | Depths:2 | Killed a juggernaut
 70824 | Depths:2 | Killed a golden dragon
 70863 | Depths:2 | Got a polished scythe
 70938 | Depths:2 | Identified the +1 scimitar of Experimentation {freeze, rC+
                  | Str+3} (You found it on level 2 of the Depths)
 70945 | Depths:2 | Identified the cursed +1 scythe of the Many Artists {pain,
                  | rN+ Will+ Str+2} (You found it on level 2 of the Depths)
 71117 | Depths:3 | Noticed a caustic shrike
 71117 | Depths:3 | Noticed a caustic shrike
 71117 | Depths:3 | Noticed a caustic shrike
 71128 | Depths:3 | Killed a caustic shrike
 71136 | Depths:3 | Killed a caustic shrike
 71141 | Depths:3 | Killed a caustic shrike
 71664 | Depths:3 | Noticed a juggernaut
 71683 | Depths:3 | Killed a juggernaut
 71725 | Depths:3 | Found a one-way gate to the infinite horrors of the Abyss.
 71762 | Depths:3 | Noticed a golden dragon
 71779 | Depths:3 | Killed a golden dragon
 71783 | Depths:3 | Noticed a golden dragon
 71795 | Depths:3 | Killed a golden dragon
 72015 | Depths:3 | Found a runed translucent door.
 72017 | Depths:3 | Noticed xzight's ghost (legendary MiBe)
 72056 | Depths:3 | Killed xzight's ghost
 72713 | Depths:3 | Reached XP level 24. HP: 182/212 MP: 25/25
 75696 | Depths:4 | Identified the Reference Book on Fiery Slavery
 75784 | Depths:4 | Lost mutation: Your body sometimes deteriorates upon taking
                  | damage. [evolution]
 77112 | Depths:5 | Entered Level 5 of the Depths
 77428 | Depths:5 | Noticed a juggernaut
 77443 | Depths:5 | Killed a juggernaut
 77477 | Depths:5 | Noticed Frederick
 77517 | Depths:5 | Killed Frederick
 77518 | Depths:5 | Reached XP level 25. HP: 172/224 MP: 25/25
 77757 | Depths:5 | Found a gate to the Realm of Zot.
 78349 | Depths:5 | Found Nuatwaff's Antique Weapon Emporium.
 79070 | Hell     | Entered the Vestibule of Hell
 79083 | Hell     | Noticed Geryon
 83446 | Hell     | Killed Geryon
 83908 | Hell     | Found a gateway to the freezing wastes of Cocytus.
 83920 | Hell     | Reached skill level 5 in Evocations
 84168 | Hell     | Found a gateway to the Iron City of Dis.
 84415 | Hell     | Found a gateway to the ashen valley of Gehenna.
 85078 | Hell     | Found a gateway to the decaying netherworld of Tartarus.
 85476 | Geh:1    | Entered Level 1 of Gehenna
 86246 | Geh:1    | Reached XP level 26. HP: 221/231 MP: 25/25
 86848 | Geh:1    | Noticed an ancient lich
 86913 | Geh:1    | Killed an ancient lich
 86914 | Geh:1    | Reached skill level 27 in Fighting
 88057 | Depths:1 | Bought a scroll of teleportation for 45 gold pieces
 88057 | Depths:1 | Bought a scroll of teleportation for 45 gold pieces
 88057 | Depths:1 | Bought a scroll of teleportation for 45 gold pieces
 88312 | Vaults:1 | Entered Level 1 of the Vaults
 90190 | Vaults:2 | Found Baorucs's General Store.
 90190 | Vaults:2 | Noticed Margery
 90204 | Vaults:2 | Killed Margery
 90253 | Vaults:2 | Bought a scroll of enchant armour for 97 gold pieces
 90514 | Vaults:2 | Found an ancient bone altar of Kikubaaqudgha.
 91567 | Vaults:2 | Gained mutation: You are partially covered in rugged brown
                  | scales. (AC +1, +3% HP) [evolution]
 92170 | Vaults:3 | Found a staircase to the Crypt.
 92632 | Vaults:3 | Got a warped iron ring
 92960 | Vaults:4 | Found Wybrek's Gadget Boutique.
 92967 | Vaults:4 | Found an ancient bone altar of Kikubaaqudgha.
 93096 | Vaults:4 | Found a transporter.
 93116 | Vaults:4 | Found a transporter.
 93160 | Vaults:4 | Reached XP level 27. HP: 253/253 MP: 25/25
 93588 | Vaults:4 | Got a transparent hat
 93604 | Vaults:4 | Identified the cursed +0 hat "Vinlued" {Int+3 Dex+3} (You
                  | found it on level 4 of the Vaults)
 94154 | Vaults:4 | Noticed Sojobo
 94171 | Vaults:4 | Killed Sojobo
 95057 | Vaults:4 | Identified the ring of Yri Zaog {Wiz rPois Will++ Slay-2
                  | Stlth+} (You found it on level 3 of the Vaults)
 95787 | Vaults:5 | Entered Level 5 of the Vaults
 96343 | Vaults:5 | Identified the cursed ring "Koimeir" {rF- Will+++ Str-4
                  | Int+2}
 96356 | Vaults:5 | HP: 12/253 [ettin/cursed +0 dire flail (14)]
 96361 | Vaults:5 | Noticed an ancient lich
 97095 | Vaults:5 | Identified the +7 shortbow of Femm {vorpal, +Fly SInv}
 97158 | Vaults:5 | Killed an ancient lich
 97195 | Vaults:5 | Reached skill level 27 in Armour
 97206 | Vaults:5 | Reached skill level 5 in Stealth
 97239 | Vaults:5 | Identified the +0 buckler "Wumami Xaiw" {Will+}
 97239 | Vaults:5 | Identified the ring "Cesm" {rF+ SInv Stlth+}
 97268 | Vaults:5 | Identified the +5 great mace of Growth {spect, Dex+6}
 97270 | Vaults:5 | Identified the +5 great mace of Growth {spect, Dex+6}
 97534 | Vaults:5 | Identified the ring "Ylugh" {rElec Will+ MP+9 Dex-2}
 98252 | Vaults:5 | Reached skill level 10 in Stealth
 98329 | Vaults:5 | Got a vibrating golden ring
 98330 | Vaults:5 | Identified the ring "Gisk" {*Drain rPois MP+9 Int+5 Slay+3}
                  | (You found it on level 5 of the Vaults)
 98642 | Vaults:5 | Identified the +1 leather armour "Goajuemn" {*Slow rElec
                  | rPois rCorr}
 98642 | Vaults:5 | Identified the ring "Sojoisim" {rElec SInv}
 98828 | Vaults:5 | Found the +0 mask of the Dragon {Will+ Slay+3 SInv}
 98903 | Vaults:5 | Got a silver rune of Zot
 99166 | Vaults:5 | Got a steaming broad axe
 99171 | Vaults:5 | Identified the +2 broad axe of Eternal Vigilance {freeze,
                  | rF+ rN++ Dex+3} (You found it on level 5 of the Vaults)
101239 | Crypt:1  | Entered Level 1 of the Crypt
101804 | Crypt:1  | Gained mutation: You are partially covered in molten
                  | scales. (AC +2) [evolution]
102156 | Crypt:2  | Noticed Donald
102169 | Crypt:2  | Killed Donald
102376 | Crypt:2  | Found a runed translucent gate.
102376 | Crypt:2  | Found a runed translucent gate.
102389 | Crypt:2  | Found an opulent altar of Gozag.
102396 | Crypt:2  | Found a runed translucent gate.
102482 | Crypt:2  | Noticed Saestuli's ghost (adept GrFi)
102491 | Crypt:2  | Found Xaejose's Assorted Antiques.
102494 | Crypt:2  | Found Vabroz's Assorted Antiques.
102549 | Crypt:2  | Killed Saestuli's ghost
102758 | Crypt:2  | Bought a potion of heal wounds for 130 gold pieces
102766 | Crypt:2  | Bought an ancient copper amulet for 195 gold pieces
102766 | Crypt:2  | Bought a potion of curing for 117 gold pieces
102767 | Crypt:2  | Identified the amulet of Spring {Acrobat Will+} (You bought
                  | it in a shop on level 2 of the Crypt)
103253 | Crypt:3  | Entered Level 3 of the Crypt
104308 | Crypt:3  | Found a basalt altar of Yredelemnul.
104308 | Crypt:3  | Found an ancient bone altar of Kikubaaqudgha.
104554 | Crypt:3  | Reached skill level 15 in Stealth
104625 | Crypt:3  | Found the +6 Majin-Bo {vamp, MP+6 Int+6}
104754 | Crypt:3  | Got a crude war axe
104758 | Crypt:3  | Identified the +8 war axe "Okuhuam" {freeze, *Slow rElec
                  | rPois rN++} (You found it on level 3 of the Crypt)
105241 | Crypt:3  | Found a staircase to the Tomb.
105649 | Tomb:1   | Entered Level 1 of the Tomb of the Ancients
106525 | Tomb:1   | Noticed a royal mummy
106855 | Tomb:1   | Reached skill level 5 in Spellcasting
107224 | Tomb:1   | Killed a royal mummy
107235 | Tomb:1   | Noticed a royal mummy
107235 | Tomb:1   | HP: 12/253 [royal mummy/divine providence (10)]
107236 | Tomb:1   | Noticed a royal mummy
107236 | Tomb:1   | Noticed a royal mummy
107237 | Tomb:1   | Noticed a royal mummy
107239 | Tomb:1   | Noticed a royal mummy
107239 | Tomb:1   | Elyvilon protects you from harm!
107916 | Tomb:1   | Noticed a royal mummy
107929 | Tomb:1   | Killed a royal mummy
108772 | Tomb:1   | Gained mutation: You are mostly covered in rugged brown
                  | scales. (AC +2, +5% HP) [evolution]
109146 | Tomb:1   | Reached skill level 5 in Translocations
109230 | Tomb:1   | Noticed an ancient lich
109568 | Tomb:1   | Killed an ancient lich
112824 | Geh:2    | HP: 10/259 [hellion/damnation[the effects of Hell] (26)]
115691 | Dis:1    | Entered Level 1 of the Iron City of Dis
116126 | Dis:1    | You fall into a shaft and drop 1 floor!
117958 | Coc:1    | Entered Level 1 of Cocytus
118954 | Tar:1    | Entered Level 1 of Tartarus
119882 | Tar:1    | Reached skill level 10 in Spellcasting
123795 | Zot:1    | Entered Level 1 of the Realm of Zot
123896 | Zot:1    | Gained mutation: You are agile. (Dex +2) [evolution]
125414 | Zot:2    | Found the +4 dragonskin cloak
125414 | Zot:2    | Noticed Tiamat
125440 | Zot:2    | Killed Tiamat
126275 | Zot:3    | Noticed an orb of fire
126291 | Zot:3    | Killed an orb of fire
126292 | Zot:3    | Reached skill level 27 in Shields
127050 | Zot:3    | Learned a level 3 spell: Summon Guardian Golem
127327 | Zot:3    | Lost mutation: You are frail. (-10% HP) [evolution]
127327 | Zot:3    | Lost mutation: You evolve. [end of evolution]
128191 | Zot:4    | Noticed an orb of fire
128194 | Zot:4    | Lost mutation: Your mind is acute. (Int +2) [an orb of
                  | fire]
128205 | Zot:4    | Gained mutation: Your body sometimes deteriorates upon
                  | taking damage. [an orb of fire]
128221 | Zot:4    | Lost mutation: Your magical capacity is low. (-10% MP) [an
                  | orb of fire]
128223 | Zot:4    | Killed an orb of fire
128761 | Zot:4    | Reached skill level 1 in Summonings
129810 | Zot:5    | Entered Level 5 of the Realm of Zot
130161 | Zot:5    | Learned a level 1 spell: Summon Small Mammal
130285 | Zot:5    | Found a runed translucent gate.
130304 | Zot:5    | Found a runed translucent gate.
130307 | Zot:5    | Found a runed translucent gate.
130326 | Zot:5    | Noticed ABBCCCDDDD's ghost (master DrTm)
130767 | Zot:5    | Noticed an ancient lich
130778 | Zot:5    | Killed an ancient lich
130779 | Zot:5    | Reached skill level 5 in Summonings
130827 | Zot:5    | Noticed an ancient lich
130850 | Zot:5    | Killed an ancient lich
130973 | Zot:5    | Noticed an orb of fire
130982 | Zot:5    | Gained mutation: Your magical capacity is low. (-10% MP)
                  | [an orb of fire]
130986 | Zot:5    | Noticed an orb of fire
130990 | Zot:5    | Gained mutation: You are dopey. (Int -2) [an orb of fire]
130997 | Zot:5    | Killed an orb of fire
130999 | Zot:5    | Lost mutation: You are agile. (Dex +2) [an orb of fire]
131000 | Zot:5    | Killed an orb of fire
132006 | Zot:5    | Paralysed by a Zot trap for 2 turns
132298 | Zot:5    | Reached skill level 10 in Summonings
132893 | Zot:5    | Noticed an orb of fire
132915 | Zot:5    | Gained mutation: Scrolls take you a little longer to read.
                  | [an orb of fire]
132918 | Zot:5    | Killed an orb of fire
133142 | Zot:5    | Learned a level 4 spell: Summon Ice Beast
133484 | Zot:5    | Killed ABBCCCDDDD's ghost
133489 | Zot:5    | Gained mutation: You have very sharp teeth. [mutagenic
                  | glow]
133492 | Zot:5    | HP: 9/286 [quicksilver dragon (7)]
133492 | Zot:5    | Slain by a storm dragon

Illustrated notes

#.#P.#.P#
#.§§.§########..##
####.#######....#
#..##
#.......##...#
##..##
#.#......#####
#...## ##
###.#.#...##
##.##. .##
#........## #.###
..# #.#.#.#...##
#.# # ..#
#..........## #<#
..## #.).#.@.#...#
##.# #..#
##..........# #..#
P.##
#####...#.#.#.#
##.### ..#
#...##........#
#..P#. .##
#.#####..(#.#.###
#P..#. ### #.#
##.....)#.# ##....
..#######.#
##....)).## #P..#.
.P##...##.#
#######..# ##..##
..........#
####..####..P#


Turn 48940 on Lair:2: snake pit

Levels and vault maps discovered:
D:1:      psy_arrival_statuary, layout_loops_ring
D:2:      layout_basic, old_standard_altar, serial_forest,
          infiniplex_forest_end_1, infiniplex_forest_straight_4,
          infiniplex_forest_clump_small, infiniplex_forest_clump_curved,
          infiniplex_forest_end_2, infiniplex_forest_lined_room_2,
          minmay_tromino_i4, uniq_robin, uniq_jessica
D:3:      layout_rooms, overflow_temple_1_default, amethyst_killhole,
          uniq_grinder
D:4:      layout_gridville, zin_angel, minmay_temple_entry_junction,
          hangedman_decor_diamond_cutter, lemuel_tele_altar
D:5:      layout_loops_ring, serial_shops, shop
D:6:      black_bear_nest_2, layout_basic, kennysheep_generic_room_16
D:7:      layout_layer_cave, nicolae_overflow_hidden_temple,
          ebering_ghost_reflecting_pool, minivault_26
D:8:      layout_layer_cave, david_lair_generic, uniq_harold,
          uniq_prince_ribbit1, uniq_joseph
D:9:      layout_long_grid, grunt_temple_overflow_open,
          kennysheep_orc_monster_closet_entryway
D:10:     layout_small_grid, special_room [special_room_bee],
          nicolae_ashenzari_panopticon
D:11:     layout_irregular_city, serial_column_ruins, column_ruins_hut,
          column_ruins_hut_water, column_ruins_columns_corner,
          column_ruins_grid_1, column_ruins_grid_2, column_ruins_columns_corner,
          grunt_ministairs_6, evilmike_butchery
D:12:     layout_irregular_city, okawaru_humans
D:13:     layout_stronghold, lightli_vaults_fourway_checkpoint, enter_trove_1
D:14:     layout_cave_pods, kennysheep_decorative_pillar
D:15:     grunt_enter_depths_magical_seal, layout_basic, basic_altar,
          hex_medium, uniq_agnes
Temple:   eino_temple_rhombus
Lair:1:   layout_loops_ring, wad_woods_river_01, infiniplex_staircase_pool_2
Lair:2:   layout_loops_ring, minmay_swamp_entry_wisps,
          minmay_snake_entry_guardpost_large
Lair:3:   nzn_winding_woodlands_large [nzn_winding_woodlands_5x5_open_star,
          nzn_winding_woodlands_5x15_twine, nzn_winding_woodlands_hourglass,
          nzn_winding_woodlands_center_triple_pond,
          nzn_winding_woodlands_15x15_killbox,
          nzn_winding_woodlands_center_lodge, nzn_winding_woodlands_5x5_cross,
          nzn_winding_woodlands_5x15_eye, nzn_winding_woodlands_5x5_three],
          layout_cave_pods
Lair:4:   beast_lair_carwin_large_1, layout_loops_ring, ebering_ghost_xom
Lair:5:   layout_hall_layers, basic_altar, nzn_ghost_randoct,
          serial_bayou_ford_a
Lair:6:   gammafunk_lair_ancient_temple, layout_loops_ring, slime_altar_1,
          guppyfry_lair_drakes
Swamp:1:  layout_falls_marsh, evilmike_swamp_ruin_rubble_1
Swamp:2:  layout_basic_swamp, infiniplex_staircase_pool, swamp_pool1,
          worms_lemuel, uniq_nikola
Swamp:3:  layout_falls_marsh, gammafunk_ghost_split, nicolae_swamp_triple_paths
Swamp:4:  nzn_swamp_witches_coven, layout_basic_swamp,
          portal_ice_cave_entry_ice_statue_one
Snake:1:  layout_gridlike, special_room, drop_trap, st_stairs_9,
          serial_bayou_pond_e
Snake:2:  layout_chambers, serial_shops, shop, nicolae_snake_springs,
          lemuel_fruit_tree, grunt_megastairs_5
Snake:3:  layout_basic, serial_shops, shop, grunt_megastairs_2,
          minmay_shoptagon, uniq_vashnia, uniq_aizul
Snake:4:  snake_pit_salamanders_mu, layout_cave_town, serial_bayou_shore_b
Orc:1:    layout_caves, nicolae_orc_crystal_geode
Orc:2:    st_orc_mages, layout_caves, serial_shops, nicolae_shop_statue_plus,
          nicolae_shop_temple_entry_statues_fountains, nicolae_shop_trees,
          nicolae_shop_waterfront, elf_legates
Elf:1:    eino_elf_arrival_altar, layout_loops_ring, minmay_elf_necromancy
Elf:2:    layout_geoelf_octagon, uniq_azrael
Elf:3:    minmay_elf_hall_circle, layout_loops_cross, basic_altar, serial_shops,
          bzr_entry_water
Vaults:1: v_misc_13, vaults_room_corners, v_misc_30, v_pattern_4,
          hangedman_vaults_nails, vaults_room_hallway, vaults_dpeg_doors,
          hangedman_vaults_nails, st_diamondy, ontoclasm_vaults_loading_screen,
          vaults_room_fours, vaults_dpeg_cross, layout_vaults_maze_snakey
Vaults:2: nicolae_vaults_yaktaur_gun_rack, nicolae_vaults_big_angled_halls,
          vaults_dpeg_diagonal, nicolae_vaults_big_angled_halls,
          nicolae_vaults_circle_grid_b, layout_vaults_quadrants, serial_shops,
          shop, basic_altar, uniq_margery
Vaults:3: serial_ice_m, vaults_room_stairs_pillars, st_hourglassy,
          minmay_crypt_entry_simple_corners, ontoclasm_vaults_twist,
          vaults_room_pool, vaults_room_pool, v_misc_2,
          nicolae_vaults_little_squares_3, ontoclasm_vaults_misaligned,
          layout_vaults_big_room
Vaults:4: v_misc_15, v_misc_1, v_rooms_5, dpeg_vaults_monster_box,
          vaults_dpeg_spiral, nicolae_vaults_network_periphery,
          vaults_room_corners, gammafunk_the_bubble
          [the_bubble_gammafunk_split], vaults_dpeg_encased_lava,
          vaults_room_pool, v_misc_13, v_pattern_5,
          ontoclasm_vaults_loading_screen, layout_vaults_big_cross,
          serial_shops, shop, basic_altar, uniq_sojobo
Vaults:5
Crypt:1:  layout_chaotic_city
Crypt:2:  layout_gridlike, ebering_ghost_gozag, uniq_donald
Crypt:3:  lightli_unholy_cathedral, layout_chaotic_city,
          tomb_entry_sphere_bobbens
Tomb:1
Depths:1: layout_cave_shapes, enter_ziggurat_e, serial_bayou_shore_b, pan_entry,
          serial_shops, kennysheep_little_box, grunt_hell_entry_dis_grunt,
          st_stairs_9, chequers_serial_rivers_micro_a, nrook_campfire,
          minmay_gold_behind_fungi, grunt_ministairs_14, hex_tiny,
          chequers_serial_rivers_micro_d, nicolae_wwwww, columned_hall_lemuel,
          minmay_misc_feat_four_crosses, kilobyte_mutagenic_chamber
Depths:2: minmay_sliced_demisemicircle, layout_cave_shapes,
          grunt_pan_entry_in_and_out, minmay_misc_feat_diagonals, hell_entry,
          minmay_mirror_moons_of_madness, infiniplex_staircase_star,
          uniq_saint_roka
Depths:3: minmay_swirls_squares, layout_basic, hell_entry,
          rand_demon_pan_entry_1, abyss_entry_crystal,
          ebering_ghost_inner_flame, hangedman_decor_peaks_small
Depths:4: minmay_the_grid_3x3 [minmay_the_grid_spin_star,
          minmay_the_grid_expand, minmay_the_grid_rooms,
          minmay_the_grid_outer_circle, minmay_the_grid_box_x,
          minmay_the_grid_armoury, minmay_the_grid_outer_diamond,
          minmay_the_grid_small_cups, minmay_the_grid_prize_big_room],
          layout_cave_pools, minmay_misc_feat_roman, grunt_metal_band,
          abyss_entry, grunt_pan_entry_sceptre, minmay_misc_feat_encased,
          minmay_metal_thing
Depths:5: grunt_zot_entry_tricorne, layout_long_grid, serial_shops,
          nicolae_shop_statue_plus, abyss_entry, pf_hell_entry_tar_spiral,
          grunt_decor_fettered, pan_entry, uniq_frederick
Hell
Dis:1:    layout_chaotic_city, grunt_megastairs_1
Dis:2:    layout_chaotic_city
Geh:1:    layout_gehenna_pools_basic, special_room [special_room_morgue]
Geh:2:    layout_gehenna_pools_triple
Geh:3:    layout_gehenna_lava_caves
Geh:4:    layout_gehenna_lava_caves
Coc:1:    layout_cocytus_water_paths
Tar:1:    layout_catacombs
Zot:1:    layout_cellular_growth
Zot:2:    layout_onion_interference, hangedman_elemental_grid_stream,
          uniq_tiamat
Zot:3:    layout_onion_interference
Zot:4:    layout_cathedral_of_symmetry
Zot:5:    layout_concentric_octagons, gammafunk_ghost_tricky_traps,
          hangedman_zot_decor_checkerboard

Skill      XL: |  1  2  3  4  5  6  7  8  9 10 11 12 13 14 15 16 17 18 19 20 21 22 23 24 25 26 27 |
---------------+----------------------------------------------------------------------------------+-----
Fighting       | 4 5 6 7 8 10 11 12 13 15 17 18 19 20 21 22 23 25 26 27 | 27.0
Axes           | 3 5 6 7 9 11 13 14 16 18 19 24 | 24.9
Armour         | 4 5 6 7 9 10 11 12 14 15 16 17 18 19 20 23 27 | 27.0
Shields        | 4 5 7 8 9 10 11 12 13 15 16 18 20 21 23 24 25 27 | 27.0
Dodging        | 1 2 3 4 |  4.7
Stealth        | 1 2 3 16 | 16.7
Polearms       | 2 |  2.7
Maces & Flails | 1 |  1.9
Spellcasting   | 1 2 3 13 | 13.3
Translocations | 1 2 3 8 |  8.8
Evocations     | 1 2 3 5 |  5.7
Invocations    | 1 3 |  3.6
Summonings     | 11 | 11.6
Short Blades   | |  0.7
Long Blades    | |  0.5
Staves         | |  0.3
Slings         | |  0.3
Bows           | |  0.3
Crossbows      | |  0.3
Throwing       | |  0.7
Unarmed Combat | |  0.7
Conjurations   | |  0.4
Hexes          | |  0.4
Necromancy     | |  0.4
Transmutations | |  0.2
Fire Magic     | |  0.5
Ice Magic      | |  0.3
Air Magic      | |  0.5
Earth Magic    | |  0.7
Poison Magic   | |  0.3

Action                   |  1- 3 |  4- 6 |  7- 9 | 10-12 | 13-15 | 16-18 | 19-21 | 22-24 | 25-27 || total
-------------------------+-------+-------+-------+-------+-------+-------+-------+-------+-------++-------
Melee: War axe           |    93 |   220 |   350 |   481 |       |       |  1507 |  1572 |  5445 ||  9668
       Broad axe         |       |       |       |   150 |   852 |   825 |   170 |       |       ||  1997
       Spear             |       |       |       |       |    46 |       |       |       |       ||    46
       Mace              |       |       |       |       |       |    12 |     6 |       |       ||    18
       Hand axe          |       |       |       |       |       |     5 |    19 |       |       ||    24
       Unarmed           |       |       |       |       |       |       |       |       |     8 ||     8
Throw: Dart              |       |       |       |       |     2 |       |       |       |       ||     2
       Boomerang         |       |       |       |       |       |       |       |       |     2 ||     2
 Cast: Apportation       |       |       |       |       |       |       |    14 |     2 |    10 ||    26
       Summon Small Mamm |       |       |       |       |       |       |       |       |    44 ||    44
       Summon Guardian G |       |       |       |       |       |       |       |       |    10 ||    10
       Summon Ice Beast  |       |       |       |       |       |       |       |       |     2 ||     2
Invok: Divine Protection |       |       |       |     1 |     1 |     1 |       |     1 |     4 ||     8
       Greater Healing   |       |       |       |       |       |       |     1 |       |       ||     1
       Lesser Healing    |       |       |       |       |       |       |       |     2 |     1 ||     3
       Purification      |       |       |       |       |       |       |       |       |     1 ||     1
 Abil: Evoke Flight      |       |       |       |       |       |       |     4 |     7 |    14 ||    25
       Stop Flying       |       |       |       |       |       |       |       |     1 |       ||     1
Evoke: Wand              |       |       |       |       |     1 |     1 |     2 |    12 |    42 ||    58
       Lightning rod     |       |       |       |       |       |       |       |     1 |       ||     1
  Use: Scroll            |     1 |    11 |     6 |    13 |     9 |    14 |    17 |    12 |    56 ||   139
       Potion            |     1 |     1 |     8 |     2 |     5 |     7 |     7 |     7 |    21 ||    59
 Stab: Confused          |       |       |       |       |       |       |     1 |       |       ||     1
       Distracted        |       |       |       |       |       |       |       |     1 |     3 ||     4
       Petrified         |       |       |       |       |       |       |       |       |     2 ||     2
Armor: Scale mail        |    44 |    52 |    85 |       |       |       |       |       |       ||   181
       Plate armour      |       |       |    64 |   388 |   330 |   229 |   587 |   194 |       ||  1792
       Gold dragon scale |       |       |       |       |       |       |       |   279 |  2031 ||  2310
       Skin              |       |       |       |       |       |       |       |       |     3 ||     3
Dodge: Dodged            |    51 |    30 |    81 |   136 |   224 |   137 |   277 |   227 |   854 ||  2017
Block: Kite shield       |    48 |    62 |   173 |   377 |   482 |   419 |   259 |       |       ||  1820
       Tower shield      |       |       |       |       |       |       |  1507 |  1576 |  6552 ||  9635
